 Dungeon Crawl Stone Soup version 0.25.1-11-g244df3a29b (webtiles) character file.

Game seed: 12179042899716447317

43 sircluck the Ducker (level 3, 36/36 HPs)
             Began as a Troll Fighter on Jan 28, 2023.
             Starved to death
             ... on level 1 of the Dungeon on Jan 29, 2023.
             The game lasted 00:05:18 (2607 turns).

sircluck the Ducker (Troll Fighter)                 Turns: 2607, Time: 00:05:20

Health: 36/36      AC:  6    Str: 25    XL:     3   Next: 37%
Magic:  2/2        EV:  8    Int:  4    God:
Gold:   30         SH:  9    Dex:  9    Spells: 2/2 levels left

rFire    . . .     SeeInvis .     - Unarmed
rCold    . . .     Gourm    +   b - +0 kite shield
rNeg     . . .     Faith    .   a - +0 robe
rPois    .         Spirit   .   (helmet restricted)
rElec    .         Reflect  .   (no cloak)
rCorr    .         Harm     .   (gloves unavailable)
MR       .....                  (boots unavailable)
Stlth    +.........             (no amulet)
HPRegen  0.52/turn              (no ring)
MPRegen  0.08/turn              (no ring)

@: fainting
A: large, unfitting armour, claws 3, fast metabolism 3, gourmand, regeneration
1, shaggy fur 1, tough skin 3
a: no special abilities


You were on level 1 of the Dungeon.
You were fainting.

You visited 1 branch of the dungeon, and saw 1 of its levels.

You collected 30 gold pieces.

Inventory:

Missiles
 h - 24 bolts
Armour
 a - a +0 robe (worn)
 b - a +0 kite shield (worn)
 k - a +0 ring mail
Jewellery
 l - an uncursed amulet of faith {unknown}
Scrolls
 e - a scroll of amnesia {unknown}
 g - 2 scrolls of fog {unknown}
 j - a scroll of teleportation {unknown}
 m - a scroll of remove curse {unknown}
 o - a scroll of enchant armour {unknown}
 p - a scroll of identify {unknown}
Potions
 c - a potion of might
 f - a potion of berserk rage {unknown}
 i - a potion of curing {unknown}
 n - a potion of stabbing {unknown}


   Skills:
 + Level 2.7 Fighting
 + Level 2.9 Dodging
 + Level 2.7 Shields
 + Level 2.4 Unarmed Combat


You had 2 spell levels left.
You didn't know any spells.
Your spell library was empty.

Dungeon Overview and Level Annotations

Branches:
Dungeon (1/15)

Altars:


Innate Abilities, Weirdness & Mutations

You are too large for most types of armour.
You have claws for hands.
Your metabolism is lightning-fast.
You like to eat raw meat.
Your natural rate of healing is unusually fast.
You are covered in fur. (AC +1)
You have extremely tough skin. (AC +3)


Message History

You start waiting.
You start waiting.
You are starving!
You're too hungry to rest.
You're too hungry to rest.
You're too hungry to rest.
You're too hungry to rest.
You're too hungry to rest.
You're too hungry to rest.
You're too hungry to rest.
You're too hungry to rest.
You're too hungry to rest.
You're too hungry to rest.
You are fainting from starvation!
You lose consciousness!
You can move again.
You lose consciousness!
You can move again.
You have starved to death.
You die...

#......# #.#
###...####÷#
##.###..#######.#
#....# #.#### ...#
#.....÷....# #.####
#....#
##.###.##.#####.#
#.# ####.#
#.....##.# #.# #.#
#.# ###..###.# #.#
#.# #.# #..# #.# #.#
#.# #.# #..#
#.#####.####.# #.#
#..# #.......@....#
#.# #..#
#######.############
#.# #..#
#............####.#
#..#
#.##########......#
#..# #.# ########
#..#########.#
####............#
.....############
######


There were no monsters in sight!

Vanquished Creatures
  A gnoll (D:1)
  An ooze (D:1)
  A ball python (D:1)
  A giant cockroach (D:1)
  4 goblins (D:1)
  3 hobgoblins (D:1)
  2 jackals (D:1)
  6 kobolds (D:1)
  6 bats (D:1)
  A frilled lizard (D:1)
  5 rats (D:1)
31 creatures vanquished.

Notes
Turn   | Place    | Note
-------+----------+-------------------------------------------
     0 | D:1      | sircluck the Troll Fighter began the quest for the Orb.
     0 | D:1      | Reached XP level 1. HP: 22/22 MP: 0/0
   157 | D:1      | Reached XP level 2. HP: 29/29 MP: 1/1
   625 | D:1      | Reached XP level 3. HP: 28/36 MP: 2/2
  2570 | D:1      | Paralysed by fainting for 11 turns
  2586 | D:1      | Paralysed by fainting for 7 turns
  2607 | D:1      | Starved to death

Illustrated notes

Levels and vault maps discovered:
D:1:      lemuel_arrival_lava_pool, layout_loops_ring

Action                   || total
-------------------------++-------
Melee: Unarmed           ||    76
  Eat: Chunk             ||    11
       Ration            ||     2
Armor: Robe              ||    42
Dodge: Dodged            ||    35
Block: Kite shield       ||    36
